 Dungeon Crawl Stone Soup version 0.32-a0-932-g546787307d (webtiles) character file.

Game seed: 13083558142958732201

178 HourglassMan the Shield-Bearer (level 5, -6/41 HPs)
             Began as a Human Wanderer on Apr 14, 2024.
             Killed from afar by Sigmund (10 damage)
             ... with a puff of flame
             ... on level 3 of the Dungeon.
             The game lasted 00:03:19 (2089 turns).

HourglassMan the Shield-Bearer (Human Wanderer)     Turns: 2089, Time: 00:03:19

Health: -6/41      AC:  5    Str: 20    XL:     5   Next: 58%
Magic:  5/5        EV:  9    Int:  8    God:
Gold:   104        SH:  6    Dex: 11    Spells: 4/4 levels left

rFire   . . .        a - +0 mace
rCold   . . .        b - +2 buckler
rNeg    . . .        f - +0 leather armour
rPois   .            (no helmet)
rElec   .            (no cloak)
rCorr   .            (no gloves)
SInv    .            q - +1 pair of boots
Will    .....        (no amulet)
Stlth   ++           (no ring)
HPRegen 0.26/turn    (no ring)
MPRegen 0.09/turn

%: no passive effects
@: no status effects
A: explore regen
a: no special abilities


You were on level 3 of the Dungeon.
You visited 1 branch of the dungeon, and saw 3 of its levels.

You collected 104 gold pieces.

Inventory:

Hand Weapons
 a - a +0 mace (weapon)
 d - a +0 dagger
Missiles
 c - 12 poisoned darts (quivered)
Armour
 b - a +2 buckler (worn)
 f - a +0 leather armour (worn)
 q - a +1 pair of boots (worn)
Jewellery
 m - a ring of magical power
Wands
 g - a wand of flame (18)
Scrolls
 k - 3 scrolls of identify {unknown}
 l - a scroll of teleportation {unknown}
 n - a scroll of enchant armour {unknown}
Potions
 e - a potion of curing
 h - 2 potions of lignification {unknown}
 i - a potion of might {unknown}
 j - a potion of magic {unknown}
 o - a potion of degeneration {unknown}
 p - a potion of heal wounds {unknown}


   Skills:
 + Level 3.3 Fighting
 + Level 3.1 Maces & Flails
 - Level 2.0 Throwing
 - Level 1.0 Armour
 - Level 3.0 Stealth
 - Level 4.0 Shields


You had 4 spell levels left.
You didn't know any spells.
Your spell library contained the following spells:

 Spells                   Type           Power      Damage    Failure   Level
 Ensorcelled Hibernation  Hex/Ice        0%         N/A       67%         2
 Passwall                 Erth           0%         N/A       88%         3
 Swiftness                Air            0%         N/A       88%         3


Dungeon Overview and Level Annotations

Branches:
Dungeon (3/15)

Altars:
Ashenzari
Dithmenos

Annotations:
D:3 Sigmund


Innate Abilities, Weirdness & Mutations

You regain HP and MP as you explore.


Message History

You are too confused!
You are too confused!
You bump into the crystal wall.
Sigmund hits you with a +0 scythe!
You miss Sigmund.
Sigmund is heavily wounded.
Sigmund gestures at you while chanting. The puff of flame hits you!
* * * LOW HITPOINT WARNING * * *
You bump into the crystal wall.
Sigmund giggles. "Time to reap what you sow."
Sigmund gestures at you while chanting.
You are more confused.
You hit Sigmund but do no damage.
Sigmund is heavily wounded.
Sigmund closely misses you.
You bump into the crystal wall.
Sigmund gestures wildly while chanting.
Sigmund flickers and vanishes!
Deactivating autopickup; reactivate with Ctrl-A.
You completely miss something. Something hits you!
* * * LOW HITPOINT WARNING * * *
You miss something. Something hits you.
* * * LOW HITPOINT WARNING * * *
You see here a +0 short sword.
You feel better. Something hits you.
* * * LOW HITPOINT WARNING * * *
Something hits you but does no damage.
Things that are here:
a +0 club; 3 stones You hit something but do no damage.
Something hits you!
* * * LOW HITPOINT WARNING * * *
You closely miss something.
You hear some strange, mumbled words.
A puff of flame appears from out of thin air!
The puff of flame hits you.
* * * LOW HITPOINT WARNING * * *
You hear some strange, mumbled words.
A puff of flame appears from out of thin air!
The puff of flame hits you!
You die...

#.#.###..##....###### .
#.#......###........# .
#.#.....## #...#†...# #
#.#...### #...#....# #
#.#.#### ##..##...# #
#÷#....#### #..####.###
#.#.).....####.........
#....)......###........
###...@{...(.####......
#.###(####.. ####...
#.# ... #### #.# ....#
. #.# ....# . #..
?..... .. #.. #####..
## #.. ). #


There were no monsters in sight!

Vanquished Creatures
  A bombardier beetle (D:3)
  2 orc wizards (D:3)
  2 adders
  A dart slug (D:3)
  2 ribbon worms
  6 orcs (D:3)
  3 bats
  6 endoplasms
  2 giant cockroaches
  6 goblins
  5 hobgoblins
  2 quokkas
  5 ball pythons
  4 frilled lizards
  8 kobolds
  9 rats
64 creatures vanquished.

Notes
Turn   | Place    | Note
-------+----------+-------------------------------------------
     0 | D:1      | HourglassMan the Human Wanderer began the quest for the
                  | Orb.
     0 | D:1      | HourglassMan set off with the following items: a +0 mace, a
                  | +2 buckler, 14 poisoned darts, a +0 dagger, a potion of
                  | curing, a +0 leather armour.
     0 | D:1      | Reached XP level 1. HP: 15/15 MP: 1/1
   208 | D:1      | Reached XP level 2. HP: 21/21 MP: 2/2
   463 | D:1      | Reached skill level 1 in Stealth
   680 | D:2      | Found a shadowy altar of Dithmenos.
   748 | D:2      | Reached XP level 3. HP: 20/26 MP: 3/3
  1077 | D:2      | You fall into a shaft and drop 1 floor!
  1120 | D:3      | Found a broken altar of Ashenzari.
  1130 | D:3      | Reached skill level 4 in Shields
  1130 | D:3      | Reached XP level 4. HP: 22/33 MP: 4/4
  1399 | D:3      | Reached XP level 5. HP: 37/39 MP: 5/5
  2069 | D:3      | Noticed Sigmund
  2089 | D:3      | Killed from afar by Sigmund

Illustrated notes

Levels and vault maps discovered:
D:1:      sevenhm_arrival_forest_fort_small_3, layout_basic
D:2:      layout_basic, basic_altar, kennysheep_generic_room_11
D:3:      minmay_recursive_quarters, layout_basic, nicolae_ashenzari_skybound,
          uniq_sigmund

Skill      XL: |  1  2  3  4  5 |
---------------+----------------+-----
Stealth        | 1 2 3 |  3.0
Fighting       | 2 3 |  3.3
Shields        | 4 |  4.0
Maces & Flails | |  3.1
Throwing       | |  2.0
Armour         | |  1.0

Action                     |  1- 3 |  4- 6 || total
---------------------------+-------+-------++-------
  Melee: Mace              |   110 |   121 ||   231
  Throw: Dart              |       |     2 ||     2
    Use: Potion            |       |     2 ||     2
         Scroll            |       |     1 ||     1
   Stab: Sleeping          |     1 |     3 ||     4
 Armour: Leather armour    |    71 |    96 ||   167
  Dodge: Dodged            |    69 |    61 ||   130
  Block: Buckler           |    29 |    38 ||    67

Table legend: (Time is in decaauts)
 A = Elapsed time spent in this place.
 B = Non-inter-level travel time spent in this place.
 C = Inter-level travel time spent in this place.
 D = Time resting spent in this place.
 E = Time spent auto-exploring this place.
 F = Levels seen in this place.
 G = Mean time per level.
                   A        B        C        D        E       F      G
               +--------+--------+--------+--------+--------+-----+--------+
         Total |   2153 |   2135 |     18 |     65 |   1475 |   3 |  717.7 |
       Dungeon |   2153 |   2135 |     18 |     65 |   1475 |   3 |  717.7 |
               +--------+--------+--------+--------+--------+-----+--------+

Top non-repeatable levels by time:
     D:3: 1047 daAuts
     D:1: 643 daAuts
     D:2: 462 daAuts

Table legend:
 A = Kills in this place as a percentage of kills in the entire game.
 B = Kills by you in this place as a percentage of kills by you in the entire game.
 C = Kills by friends in this place as a percentage of kills by friends in the entire game.
 D = Other kills in this place as a percentage of other kills in the entire game.
 E = Experience gained in this place as a percentage of experience gained in the entire game.
 F = Experience gained in this place divided by the number of levels of this place that you have seen.
                   A       B       C       D       E      F
               +-------+-------+-------+-------+-------+----------------------
         Total | 100.0 | 100.0 |   N/A |   N/A | 100.0 |  85.0
       Dungeon | 100.0 | 100.0 |   N/A |   N/A | 100.0 |  85.0
               +-------+-------+-------+-------+-------+----------------------
